 Dungeon Crawl Stone Soup version 0.30.1-1-g62c8e00024 (webtiles) character file.

Game seed: 9963574046670326851

268 Gorgoleon the Magician (level 6, -1/42 HPs)
             Began as a Djinni Fire Elementalist on July 14, 2023.
             Slain by a gnoll
             ... wielding a +2 flail of protection
             ... led by a gnoll sergeant
              (12 damage)
             ... on level 4 of the Dungeon.
             The game lasted 00:14:51 (3039 turns).

Gorgoleon the Magician (Djinni Fire Elementalist)   Turns: 3039, Time: 00:14:52

Health: -1/42      AC:  8    Str: 12    XL:     6   Next: 45%
Gold:   54         EV: 12    Int: 18    God:
                   SH:  0    Dex: 14

rFire   + + .        o - +3 dagger (speed)
rCold   x . .        (no shield)
rNeg    . . .        j - +5 leather armour of Immucuap {+Blink Str+5}
rPois   ∞            (no helmet)
rElec   .            (no cloak)
rCorr   .            (no gloves)
SInv    .            (boots unavailable)
Will    .....        (no amulet)
Stlth   ++           (no ring)
HPRegen 0.27/turn    (no ring)
MPRegen 0.00/turn

%: infuse magic (-2 HP)
@: flying
A: sickness immunity, fire resistance 2, cold vulnerability 1, float, innate
caster, HP casting, extra vitality 1
a: Evoke Blink


You were on level 4 of the Dungeon.
You visited 1 branch of the dungeon, and saw 4 of its levels.

You collected 54 gold pieces.

Inventory:

Hand Weapons
 o - a +3 dagger of speed (weapon)
Armour
 a - a +0 robe
 j - the +5 leather armour of Immucuap (worn) {+Blink Str+5}
   (You found it on level 2 of the Dungeon)

   Str:       It affects your strength (+5).
   +Blink:    It lets you blink.
 l - a +0 buckler
 m - an orb of wrath
Jewellery
 k - a ring of willpower
Scrolls
 b - 2 scrolls of teleportation
 c - 3 scrolls of identify
 e - 3 scrolls of enchant weapon
Potions
 d - a potion of lignification
 g - a potion of heal wounds
 h - a potion of curing
 p - a potion of might {unknown}
 r - a potion of ambrosia {unknown}


   Skills:
 + Level 1.0 Fighting
 + Level 1.3 Armour
 - Level 3.0 Dodging
 - Level 1.5 Stealth
 + Level 4.7 Spellcasting


You knew the following spells:

 Your Spells              Type           Power      Damage    Failure   Level
a - Foxfire               Conj/Fire      84%        2x1d8     2%          1
b - Scorch                Fire           42%        2d6       3%          2
c - Volatile Blastmotes   Fire/Tloc      42%        2d13      8%          3
d - Inner Flame           Hex/Fire       21%        N/A       8%          3
e - Flame Wave            Conj/Fire      21%        2d8       26%         4
f - Sting                 Tmut/Pois      84%        1d7       2%          1
g - Searing Ray           Conj           42%        2d6       3%          2
Your spell library was empty.

Dungeon Overview and Level Annotations

Branches:
Dungeon (4/15)
 Temple: D:4-7

Altars:
Trog

Shops:
D:4 *


Innate Abilities, Weirdness & Mutations

You are immune to sickness and miasma.
You are immune to poison.
Your flesh is very heat resistant. (rF++)
You are vulnerable to cold. (rC-)
You float through the air rather than walking.
You learn spells naturally, not from books.
Your magical power is your life essence.
You have superior vitality. (+4 MHP)


Message History

Casting: Scorch (safe; 4% risk of failure)
Confirm with . or Enter, or press ? or * to list all spells.
Flames lash the gnoll sergeant.
The gnoll sergeant is moderately wounded.
The gnoll sergeant's fire resistance burns away.
The hound closely misses you.
The gnoll sergeant hits you from afar with a +5 spear of venom.
The hound misses you.
Casting: Scorch (safe; 4% risk of failure)
Confirm with . or Enter, or press ? or * to list all spells.
Aiming: Searing Ray (safe; 4% risk of failure)
Press: ? - help, Shift-Dir - straight line, f - hound
Aim: a hound (severely wounded, 69% to hit)
Okay, then.
The hound attacks as you move away! The hound bites you but does no damage.
Casting: Searing Ray (safe; 4% risk of failure)
Confirm with . or Enter, or press ? or * to list all spells.
Aiming: Searing Ray (safe; 4% risk of failure)
Press: ? - help, Shift-Dir - straight line, f - gnoll sergeant
Aim: a gnoll sergeant, wielding a +5 spear of venom, wearing a +0 scale mail and wearing a +0 buckler (moderately wounded, more vulnerable to fire, 84% to hit)
The searing ray hits the hound!
You kill the hound!
The searing ray hits the gnoll but does no damage.
The searing ray hits the gnoll sergeant.
The gnoll sergeant is heavily wounded. (Press . to maintain the ray.)
The searing ray hits the gnoll.
The gnoll is moderately wounded.
The searing ray hits the gnoll sergeant!
The gnoll sergeant is almost dead.
The gnoll sergeant is no longer more vulnerable to fire.
The gnoll closely misses you.
The gnoll sergeant hits you from afar with a +5 spear of venom!
* * * LOW HITPOINT WARNING * * *
The searing ray misses the gnoll.
The searing ray hits the gnoll sergeant.
You kill the gnoll sergeant!
* * * LOW HITPOINT WARNING * * *
The gnoll hits you with a +2 flail of protection!
You die...

##..)....
...........#
##....h...
...........# #..#
...........# #..+
...........# ##..#
...........# #..)#
...........# #.#)#
...........# #.#g#
......[....###.#@##
..................#
...........≈≈≈≈≈..#
...........≈###≈..#
#+##.....#..'∩'...#
#...§§#.≈###≈..#
#...§§..≈≈≈≈≈..#
#...§§<####....#
#...§§## #....#


You could see a gnoll.

Vanquished Creatures
  A gnoll sergeant (D:4)
  A hound (D:4)
  Natasha (thrice) (D:2)
  An orc wizard (D:3)
  Robin (D:2)
  An adder (D:4)
  2 gnolls (D:4)
  A worm (D:2)
  3 dart slugs
  3 orcs (D:3)
  4 bats
  5 endoplasms
  7 giant cockroaches
  20 goblins
  6 hobgoblins
  5 jackals (D:2)
  7 kobolds
  2 quokkas
  5 ball pythons
  3 frilled lizards
  4 rats
85 creatures vanquished.

Vanquished Creatures (others)
  159 foxfires
159 creatures vanquished.

Grand Total: 244 creatures vanquished

Notes
Turn   | Place    | Note
-------+----------+-------------------------------------------
     0 | D:1      | Gorgoleon the Djinni Fire Elementalist began the quest for
                  | the Orb.
     0 | D:1      | Gorgoleon set off with the following spells memorised:
                  | Foxfire, Scorch, Volatile Blastmotes, Inner Flame, Flame
                  | Wave.
     0 | D:1      | Reached XP level 1. HP: 15/15 MP: 0/0
   131 | D:1      | Reached XP level 2. HP: 20/21 MP: 0/0
   303 | D:1      | Found a faded altar of an unknown god.
   440 | D:1      | Reached skill level 3 in Spellcasting
   484 | D:1      | Reached XP level 3. HP: 23/25 MP: 0/0
   484 | D:1      | Learned a level 1 spell: Sting
  1072 | D:2      | Identified the +5 leather armour of Immucuap {+Blink Str+5}
  1226 | D:2      | Noticed Natasha
  1232 | D:2      | Killed Natasha
  1233 | D:2      | Reached XP level 4. HP: 27/31 MP: 0/0
  1311 | D:2      | Noticed Robin
  1332 | D:2      | Killed Robin
  1454 | D:2      | Reached XP level 5. HP: 34/35 MP: 0/0
  1454 | D:2      | Learned a level 2 spell: Searing Ray
  1581 | D:2      | You are sucked into a shaft and drop 2 floors!
  1616 | D:3      | Found a bloodstained altar of Trog.
  1889 | D:2      | Noticed Natasha
  1898 | D:2      | Killed Natasha
  1899 | D:2      | Reached skill level 4 in Spellcasting
  2256 | D:2      | Noticed Natasha
  2266 | D:2      | Killed Natasha
  2498 | D:3      | Reached XP level 6. HP: 38/41 MP: 0/0
  2969 | D:4      | Found Qotokk's Assorted Antiques.
  3022 | D:4      | Reached skill level 1 in Armour
  3035 | D:4      | Reached skill level 1 in Fighting
  3039 | D:4      | Slain by a gnoll

Illustrated notes

Levels and vault maps discovered:
D:1:      lightli_iron_boxes, layout_basic,
          hellmonk_ecumenical_altar_inner_sanctum, minmay_misc_feat_rugged
D:2:      layout_loops_ring, nicolae_concentric_dashed_squares_mild,
          uniq_natasha, uniq_robin
D:3:      layout_loops_ring, trog_hazing_becter
D:4:      layout_basic, gammafunk_ghost_stat_death, serial_shops,
          kennysheep_mini_moat

Skill      XL: |  1  2  3  4  5  6 |
---------------+-------------------+-----
Spellcasting   | 3 4 |  4.7
Dodging        | 3 |  3.0
Armour         | 1 |  1.3
Fighting       | 1 |  1.0
Stealth        | |  1.5

Action                     |  1- 3 |  4- 6 || total
---------------------------+-------+-------++-------
  Melee: Hand axe          |    38 |    11 ||    49
         Punch             |     1 |     1 ||     2
         Dagger            |       |    31 ||    31
   Cast: Foxfire           |    41 |    56 ||    97
         Scorch            |       |     5 ||     5
         Searing Ray       |       |     1 ||     1
    Use: Scroll            |       |    10 ||    10
   Stab: Sleeping          |     3 |     1 ||     4
 Armour: Robe              |    15 |       ||    15
         Leather armour    |     2 |    26 ||    28
  Dodge: Dodged            |    39 |    50 ||    89
